 Dungeon Crawl Stone Soup version 0.28-a0-479-g5baa6b73be (webtiles) character file.

Game seed: 4048117725569116042

47 robertstho the Magician (level 3, 0/26 HPs)
             Began as a Djinni Fire Elementalist on Sept 17, 2021.
             Frozen to death by an endoplasm (3 damage)
             ... on level 2 of the Dungeon.
             The game lasted 00:02:33 (2260 turns).

robertstho the Magician (Djinni Fire Elementalist)  Turns: 2260, Time: 00:02:33

Health: 0/26       AC:  2    Str:  7    XL:     3   Next: 97%
Gold:   29         EV: 12    Int: 17    God:
                   SH:  0    Dex: 13

rFire   + + .      SeeInvis .   d - +0 short sword
rCold   x . .      Faith    .   (no shield)
rNeg    . . .      Spirit   .   a - +0 robe
rPois   ∞          Reflect  .   (no helmet)
rElec   .          Harm     .   (no cloak)
rCorr   .          Rampage  .   (no gloves)
Will    .....                   (boots unavailable)
Stlth   ++........              (no amulet)
HPRegen 0.08/turn               (no ring)
MPRegen 0.00/turn               (no ring)

@: flying
A: sickness immunity, fire resistance 2, cold vulnerability 1, float, innate
caster, hp casting, extra vitality 1
a: no special abilities


You were on level 2 of the Dungeon.
You visited 1 branch of the dungeon, and saw 2 of its levels.

You collected 29 gold pieces.

Inventory:

Hand Weapons
 d - a +0 short sword (weapon)
Armour
 a - a +0 robe (worn)
Scrolls
 b - a scroll of silence
 f - a scroll of fog
Potions
 g - 2 potions of curing


   Skills:
 * Level 0.8 Fighting
 * Level 0.5 Armour
 + Level 2.2 Dodging
 + Level 1.6 Stealth
 * Level 3.3 Spellcasting


You couldn't memorise any spells.
You knew the following spells:

 Your Spells              Type           Power      Damage    Failure   Level
a - Foxfire               Conj/Fire      56%        2x1d6     4%          1
b - Scorch                Fire           28%        2d6       6%          2
c - Conjure Flame         Conj/Fire      14%        6-21      13%         3
d - Inner Flame           Hex/Fire       14%        N/A       13%         3
e - Flame Wave            Conj/Fire      14%        3d5       38%         4
f - Summon Small Mammal   Summ           56%        N/A       4%          1
Your spell library was empty.

Dungeon Overview and Level Annotations

Branches:
Dungeon (2/15)

Altars:

Annotations:
D:2 Robin, Terence


Innate Abilities, Weirdness & Mutations

You are immune to sickness and miasma.
You are immune to poison.
Your flesh is very heat resistant. (rF++)
You are vulnerable to cold. (rC-)
You float through the air rather than walking.
You learn spells naturally, not from books.
Your magical power is your life essence.
You have superior vitality. (+4 HP)


Message History

You kill the goblin!
The ball python bites you but does no damage.
The ball python barely misses you.
Unknown command.
Casting: Scorch (safe; 6% risk of failure)
Confirm with . or Enter, or press ? or * to list all spells.
Flames lash the goblin.
You kill the goblin!
The ball python barely misses you. The ball python grabs you.
The ball python constricts you.
Casting: Scorch (safe; 6% risk of failure)
Confirm with . or Enter, or press ? or * to list all spells.
Flames lash the goblin.
You kill the goblin!
* * * LOW HITPOINT WARNING * * *
The ball python bites you.
* * * LOW HITPOINT WARNING * * *
The ball python constricts you.
* * * LOW HITPOINT WARNING * * *
You escape the ball python's grasp.
Found 8 gold pieces.
The ball python closely misses you. The ball python grabs you.
The ball python constricts you.
The ball python's grasp on you weakens, but your attempt to escape fails.
The ball python bites you but does no damage.
The ball python constricts you.
You escape the ball python's grasp.
Found a stone staircase leading up.
An endoplasm comes into view.
Found a fuming golden potion.
Found a stone staircase leading down.
Found 26 stones.
The ball python bites you.
* * * LOW HITPOINT WARNING * * *
The ball python grabs you. The ball python constricts you.
* * * LOW HITPOINT WARNING * * *
You escape the ball python's grasp.
The endoplasm quivers.
The endoplasm freezes you.
You are frozen.
You feel a terrible chill!
You die...

# .# # #.## ####
.# #g.# .. ...#
#w.#####.. ...#
#......... ...#
.##+###.........
####
.(..............
#
..###.#.S.......
# ###....J......
# #.....@.#....
........###....
......!>. ...
........# ..
........#
........#
.......## ######


You could see a dart slug, an endoplasm, a goblin and a ball python.

Vanquished Creatures
  A worm (D:2)
  A dart slug (D:1)
  4 ball pythons (D:1)
  2 endoplasms
  A giant cockroach (D:1)
  11 goblins
  3 hobgoblins
  2 quokkas (D:2)
  5 bats (D:1)
  A frilled lizard (D:1)
  4 kobolds
  3 rats (D:1)
38 creatures vanquished.

Vanquished Creatures (collateral kills)
  A foxfire (D:1)
1 creature vanquished.

Vanquished Creatures (others)
  153 foxfires
153 creatures vanquished.

Grand Total: 192 creatures vanquished

Notes
Turn   | Place    | Note
-------+----------+-------------------------------------------
     0 | D:1      | robertstho the Djinni Fire Elementalist began the quest for
                  | the Orb.
     0 | D:1      | Reached XP level 1. HP: 15/15 MP: 0/0
   508 | D:1      | Reached XP level 2. HP: 18/21 MP: 0/0
   997 | D:1      | Reached skill level 3 in Spellcasting
  1095 | D:1      | Found a faded altar of an unknown god.
  1335 | D:1      | Reached XP level 3. HP: 25/26 MP: 0/0
  1335 | D:1      | Learned a level 1 spell: Summon Small Mammal
  2184 | D:2      | Noticed Terence
  2210 | D:2      | Noticed Robin
  2260 | D:2      | Frozen to death by an endoplasm

Illustrated notes

Levels and vault maps discovered:
D:1:      dpeg_arrival_subterranean_lakeside_camping, layout_basic,
          shapermc_ecumenical_altar_ellora, wad_floor_pattern_2
D:2:      layout_basic, hangedman_decor_push, nrook_mini_vaults, uniq_terence,
          uniq_robin

Skill      XL: |  1  2 |
---------------+-------+-----
Spellcasting   | 3 |  3.3
Fighting       | |  0.8
Armour         | |  0.5
Dodging        | |  2.2
Stealth        | |  1.6

Action                   || total
-------------------------++-------
 Cast: Foxfire           ||    88
       Scorch            ||     5
  Use: Scroll            ||     3
       Potion            ||     2
Armor: Robe              ||    13
Dodge: Dodged            ||    28

Table legend: (Time is in decaauts)
 A = Elapsed time spent in this place.
 B = Non-inter-level travel time spent in this place.
 C = Inter-level travel time spent in this place.
 D = Time resting spent in this place.
 E = Time spent auto-exploring this place.
 F = Levels seen in this place.
 G = Mean time per level.
                   A        B        C        D        E       F      G
               +--------+--------+--------+--------+--------+-----+--------+
         Total |   2259 |   2230 |     29 |      0 |   1968 |   2 | 1129.5 |
       Dungeon |   2259 |   2230 |     29 |      0 |   1968 |   2 | 1129.5 |
               +--------+--------+--------+--------+--------+-----+--------+

Top non-repeatable levels by time:
     D:1: 1938 daAuts
     D:2: 320 daAuts
